 Dungeon Crawl Stone Soup version 0.28.0-53-g5a82cb258f (webtiles) character file.

Game seed: 7555676975264664870

97 issech the Skirmisher (level 4, -9/41 HPs)
             Began as a Minotaur Monk on June 25, 2022.
             Killed by divine providence
             ... invoked by an orc priest
              (11 damage)
             ... on level 3 of the Dungeon.
             The game lasted 00:05:05 (2117 turns).

issech the Skirmisher (Minotaur Monk)               Turns: 2117, Time: 00:05:06

Health: -9/41      AC: 13    Str: 15    XL:     4   Next: 42%
Magic:  12/12      EV:  7    Int:  7    God:
Gold:   73         SH:  0    Dex: 15    Spells: 3/3 levels left

rFire   . . .      SeeInvis .   c - +2 dagger (vamp)
rCold   . . .      Faith    .   l - orb {light}
rNeg    . . .      Spirit   .   n - +0 chain mail
rPois   .          Reflect  .   (helmet restricted)
rElec   .          Harm     .   r - +0 cloak
rCorr   .          Rampage  .   (no gloves)
Will    .....                   (no boots)
Stlth   ..........              (no amulet)
HPRegen 0.13/turn               o - ring of magical power
MPRegen 0.13/turn               p - +4 ring of protection

@: glowing
A: horns 2, retaliatory headbutt
a: no special abilities


You were on level 3 of the Dungeon.
You visited 1 branch of the dungeon, and saw 3 of its levels.

You collected 73 gold pieces.

Inventory:

Hand Weapons
 a - a +0 hand axe
 b - a +1 whip of freezing
 c - a +2 vampiric dagger (weapon)
Missiles
 d - 63 stones (quivered)
 f - 11 arrows
 j - 15 sling bullets
 q - 14 bolts
Armour
 l - an orb of light (worn)
 n - a +0 chain mail (worn)
 r - a +0 cloak (worn)
Jewellery
 o - a ring of magical power (left hand)
 p - a +4 ring of protection (right hand)
Scrolls
 h - 3 scrolls of identify {unknown}
 i - a scroll of blinking {unknown}
 m - a scroll of enchant armour {unknown}
Potions
 e - 4 potions of curing
 g - a potion of cancellation {unknown}
 k - 2 potions of lignification {unknown}


   Skills:
 + Level 4.4 Fighting
 + Level 1.4 Short Blades
 + Level 4.3 Axes
 + Level 0.6 Armour
 + Level 4.1 Dodging
 + Level 1.9 Stealth


You had 3 spell levels left.
You didn't know any spells.
Your spell library was empty.

Dungeon Overview and Level Annotations

Branches:
Dungeon (3/15)

Altars:
Ashenzari


Innate Abilities, Weirdness & Mutations

You have a pair of horns on your head.
You reflexively headbutt those who attack you in melee.


Message History

You hit the jackal. Your headbutt misses the jackal.
The jackal is lightly wounded.
The jackal barely misses you.
You hit the jackal.
You feel better.
You headbutt the jackal.
The jackal is almost dead.
The jackal bites you but does no damage.
The orc priest invokes the aid of Beogh against you.
Beogh smites you!
* * * LOW HITPOINT WARNING * * *
The jackal bites you but does no damage.
You hit the jackal.
You feel better.
You kill the jackal!
The orc priest looks encouraged for a moment.
You hit the orc.
The orc is heavily wounded.
The orc barely misses you.
You hit the orc.
The orc is heavily wounded.
The orc closely misses you.
You hit the orc.
You feel better.
You kill the orc!
You hit the orc priest.
You feel better.
The orc priest is moderately wounded.
The orc priest hits you with a +0 club.
* * * LOW HITPOINT WARNING * * *
You hit the orc priest.
The orc priest is severely wounded.
The orc priest hits you but does no damage.
You completely miss the orc priest. You headbutt the orc priest.
The orc priest is severely wounded.
The orc priest calls down the wrath of Beogh upon you.
Beogh smites you!
* * * LOW HITPOINT WARNING * * *
You hit the orc priest.
The orc priest is almost dead.
You barely miss the orc priest.
The orc priest is almost dead.
The orc priest calls down the wrath of Beogh upon you.
Beogh smites you!
You die...

#....#$........
##..........#...
.....[##....# #.
o.....##†...#
.##.
......o†....#
###...
....###†###.#
...#. .h.. #.#
#†### #..#. .o.
###.###...#
#..#.
+.._o@+.#.#
#..#.
#######.#.#
#..#. ### #.#.#
#.... ### #)#.#
#...# ...
..#.########...#
#.#
###............#
#.#
##############
..


You could see an orc priest.

Vanquished Creatures
  Terence (D:3)
  2 adders
  A worm (D:3)
  2 dart slugs
  2 orcs (D:3)
  7 bats
  2 endoplasms (D:1)
  2 giant cockroaches
  3 goblins
  5 hobgoblins
  4 jackals (D:3)
  2 quokkas
  2 ball pythons (D:2)
  4 frilled lizards
  3 kobolds
  3 rats (D:1)
45 creatures vanquished.

Notes
Turn   | Place    | Note
-------+----------+-------------------------------------------
     0 | D:1      | issech the Minotaur Monk began the quest for the Orb.
     0 | D:1      | Reached XP level 1. HP: 19/19 MP: 0/0
   364 | D:1      | Found a faded altar of an unknown god.
   371 | D:1      | Reached XP level 2. HP: 10/27 MP: 1/1
  1399 | D:2      | Reached XP level 3. HP: 26/33 MP: 2/2
  2003 | D:3      | Reached skill level 1 in Short Blades
  2066 | D:3      | Found a broken altar of Ashenzari.
  2070 | D:3      | Noticed Terence
  2102 | D:3      | Killed Terence
  2103 | D:3      | Reached XP level 4. HP: 15/41 MP: 3/3
  2115 | D:3      | HP: 1/41 [orc priest/divine providence (8)]
  2117 | D:3      | Killed from afar by an orc priest

Illustrated notes

Levels and vault maps discovered:
D:1:      co_arrival_random_square_maze, layout_basic, basic_ecumenical_altar,
          chequers_serial_rivers_large_a
D:2:      kb_forest_paths, layout_basic
D:3:      layout_basic, nicolae_ru_sacrificial_ziggurat, lemuel_doored_altar,
          gammafunk_ghost_stat_death, uniq_grinder, uniq_terence

Skill      XL: |  1  2  3 |
---------------+----------+-----
Axes           | 4 |  4.3
Fighting       | 4 |  4.4
Short Blades   | 1 |  1.4
Dodging        | 4 |  4.1
Armour         | |  0.6
Stealth        | |  1.9

Action                   |  1- 3 |  4- 6 || total
-------------------------+-------+-------++-------
Melee: Dagger            |    94 |    15 ||   109
       Hand axe          |     5 |       ||     5
       Headbutt          |    21 |     2 ||    23
 Stab: Sleeping          |     1 |       ||     1
Armor: Robe              |     6 |       ||     6
       Chain mail        |    25 |     4 ||    29
Dodge: Dodged            |    62 |     6 ||    68
